 Dungeon Crawl Stone Soup version 0.22-a0-425-g89d60a1 (webtiles) character file.

702 profreshinal the Vandal (level 7, -2/36 HPs)
             Began as a Vine Stalker Hunter on May 24, 2018.
             Was an Initiate of Ru.
             Killed from afar by Dowan (12 damage)
             ... with a stone arrow
             ... on level 4 of the Dungeon.
             The game lasted 00:29:36 (3780 turns).

profreshinal the Vandal (Vine Stalker Hunter)       Turns: 3780, Time: 00:29:37

Health: -2/36      AC:  8    Str: 15    XL:     7   Next: 66%
Magic:  0/7        EV: 17    Int: 11    God:    Ru [......]
Gold:   168        SH:  0    Dex: 21    Spells: 6/6 levels left

rFire    . . .     SeeInvis .   a - +1 hunting sling
rCold    . . .     Gourm    .   (no shield)
rNeg     . . .     Faith    .   v - +0 ring mail {rPois}
rPois    +         Spirit   +   g - +1 helmet
rElec    .         Reflect  .   D - +0 cloak
rCorr    .         Harm     .   (no gloves)
MR       .....                  (no boots)
Stlth    +++.......             (no amulet)
HPRegen  0.52/turn              (no ring)
MPRegen  0.10/turn              (no ring)

@: agile, about to teleport
A: fangs 2, low mp 1, regeneration 1, magic shield, antimagic bite, no potion
heal 3, rot immunity
a: Renounce Religion


You were on level 4 of the Dungeon.
You worshipped Ru.
Ru was noncommittal.
You were not hungry.

You visited 1 branch of the dungeon, and saw 4 of its levels.
You also visited: Sewer.

You collected 168 gold pieces.

Inventory:

Hand Weapons
 a - a +1 hunting sling (weapon)
 b - a +0 short sword
 G - a +0 hunting sling
Missiles
 n - 47 stones (quivered)
Armour
 c - a +0 leather armour
 g - a +1 helmet (worn)
 u - a +0 chain mail
 v - a +0 ring mail of poison resistance (worn)
 D - a +0 cloak (worn)
Jewellery
 q - an uncursed ring of flight {unknown}
 w - a cursed amulet of inaccuracy {unknown}
Wands
 E - a wand of flame (21)
Scrolls
 j - 8 scrolls of identify {unknown}
 k - 2 scrolls of fear {unknown}
 l - 3 scrolls of amnesia {unknown}
 s - a scroll of noise {unknown}
 t - a scroll of teleportation
 y - a scroll of remove curse
 F - 2 scrolls of magic mapping {unknown}
Potions
 e - a potion of magic {unknown}
 h - 8 potions of curing {unknown}
 i - a potion of resistance {unknown}
 m - a potion of mutation {unknown}
 o - 3 potions of might {unknown}
 p - a potion of lignification {unknown}
 r - a potion of cancellation {unknown}
 x - 2 potions of heal wounds {unknown}
 z - 2 potions of agility
 A - 2 potions of flight {unknown}
 B - 2 potions of brilliance {unknown}
Comestibles
 f - 4 rations
 C - 2 chunks of flesh


   Skills:
 + Level 3.3 Fighting
 + Level 1.2 Short Blades
 + Level 6.8 Slings
 + Level 1.6 Armour
 + Level 2.2 Dodging
 + Level 2.5 Stealth


You had 6 spell levels left.
You didn't know any spells.
Your spell library was empty.

Dungeon Overview and Level Annotations

Branches:
Dungeon (4/15)
 Temple: D:4-7

Altars:
Ru

Annotations:
D:4 Dowan


Innate Abilities, Weirdness & Mutations

You have extremely sharp teeth.
Your magical capacity is low. (-10% MP)
Your natural rate of healing is unusually fast.
When hurt, damage is shared between your health and your magic reserves.
Your bite disrupts and absorbs the magic of your enemies.
Potions cannot restore your health.
You are immune to rotting.


Message History

Press: ? - help, Shift-Dir - straight line, f/p - Duvessa
Aim: Duvessa, wielding a vampiric short sword and wearing a scale mail (almost dead, fast)
You shoot a stone.
The stone hits Duvessa but does no damage.
Duvessa is almost dead.
Duvessa completely misses you.
Duvessa hits you with a vampiric short sword.
* * * LOW HITPOINT WARNING * * *
Firing (i - inventory)
n - 48 stones (quivered)
Press: ? - help, Shift-Dir - straight line, f/p - Duvessa
Aim: Duvessa, wielding a vampiric short sword and wearing a scale mail (almost dead, fast)
You shoot a stone. The stone hits Duvessa.
You kill Duvessa!
Dowan seems overcome with grief, but rights himself reflexively soon after.
Dowan seems to find hidden reserves of power!
Dowan casts a spell at you. The stone arrow misses you.
Dowan points at you and mumbles some strange words.
The stone arrow hits you!
You die...

.........#
###..##### #######
#..##########
.....
#....[.....##.#...
##...............#
#########.#####.#
#.# #.# #.#####.#
#....@)e#
#########


You could see Dowan.

Vanquished Creatures
  Duvessa (D:4)
  An ogre (D:4)
  A scorpion (D:4)
  2 orc priests
  Crazy Yiuf (D:4)
  Natasha (D:3)
  An orc wizard (D:2)
  A worker ant (D:4)
  10 adders
  10 river rats
  An ooze (D:1)
  4 worms
  A dart slug (D:1)
  3 leopard geckos
  4 orcs
  4 bats
  5 giant cockroaches
  6 hobgoblins
  10 jackals
  21 kobolds
  2 quokkas
  5 ball pythons
  2 frilled lizards
  9 goblins
  24 rats
130 creatures vanquished.

Notes
Turn   | Place    | Note
-------+----------+-------------------------------------------
     0 | D:1      | profreshinal the Vine Stalker Hunter began the quest for the Orb.
     0 | D:1      | Reached XP level 1. HP: 11/11 MP: 2/2
   113 | D:1      | Reached XP level 2. HP: 8/15 MP: 3/3
   275 | D:1      | Reached skill level 4 in Slings
   561 | D:1      | Reached XP level 3. HP: 18/18 MP: 4/4
   582 | D:1      | You fall through a shaft!
   598 | D:2      | Found a sacrificial altar of Ru.
   605 | D:2      | Became a worshipper of Ru the Awakened
   738 | D:2      | Gained mutation: Your natural rate of healing is unusually fast. [Vine Stalker growth]
   738 | D:2      | Reached XP level 4. HP: 10/23 MP: 5/5
  1521 | D:2      | Reached skill level 1 in Short Blades
  1928 | D:3      | Reached XP level 5. HP: 27/27 MP: 6/6
  2015 | D:3      | Noticed Natasha
  2138 | D:3      | Reached skill level 1 in Armour
  2209 | D:3      | Gained mutation: Your magical capacity is low. (-10% MP) [Ru sacrifice]
  2282 | D:3      | Reached skill level 5 in Slings
  2292 | D:3      | Found a glowing drain.
  2305 | Sewer    | Entered a sewer
  2438 | Sewer    | Reached XP level 6. HP: 32/32 MP: 6/6
  3294 | D:3      | Killed Natasha
  3474 | D:4      | Reached skill level 6 in Slings
  3474 | D:4      | Reached XP level 7. HP: 35/35 MP: 7/7
  3575 | D:4      | Found a runed door.
  3579 | D:4      | Noticed Crazy Yiuf
  3589 | D:4      | Killed Crazy Yiuf
  3750 | D:4      | Noticed Duvessa
  3750 | D:4      | Noticed Dowan
  3780 | D:4      | Killed Duvessa
  3780 | D:4      | Killed from afar by Dowan

Vault maps used:
D:1:      minmay_arrival_four_circles
D:2:      nicolae_ru_great_annihilating_truth
D:3:      lightli_sewer_entry_pipes, first_ration, minmay_item_behind_shaft,
          patterned_corridor, uniq_natasha
D:4:      skrybe_limestone_x, uniq_crazy_yiuf_cottage, uniq_duvessa
Sewer:    sewer_minmay_treatment

Skill      XL: |  1  2  3  4  5  6  7 |
---------------+----------------------+-----
Slings         | 4 5 6 |  6.8
Fighting       | 2 3 |  3.3
Short Blades   | 1 |  1.2
Stealth        | 2 |  2.5
Armour         | 1 |  1.6
Dodging        | 2 |  2.2

Action                   |  1- 3 |  4- 6 |  7- 9 || total
-------------------------+-------+-------+-------++-------
Melee: Short sword       |    40 |   107 |       ||   147
       Bite              |     7 |    25 |       ||    32
 Fire: Hunting sling     |    41 |   297 |    70 ||   408
Invok: Sacrifice Essence |       |     1 |       ||     1
  Use: Scroll            |     1 |     1 |     1 ||     3
       Potion            |       |       |     1 ||     1
 Stab: Sleeping          |     2 |     4 |       ||     6
       Paralysed         |     1 |       |       ||     1
  Eat: Chunk             |       |     8 |     1 ||     9
Armor: Leather armour    |    30 |    45 |     2 ||    77
       Ring mail         |       |       |     7 ||     7
Dodge: Dodged            |    41 |   134 |    16 ||   191

Table legend:
 A = Spawn XP
 B = Non-spawn XP
 C = Spawn XP percentage of total XP
 D = Spawn monster count
 E = Non-spawn monster count
 F = Spawn count percentage of total count
 G = Total turns spent on level
                    A         B        C        D         E        F      G
               +---------+---------+-------+---------+---------+-------+---------
         Total |       0 |    1004 |   0.0 |       0 |     130 |   0.0 |  3780
               +---------+---------+-------+---------+---------+-------+---------
           D:1 |       0 |      42 |   0.0 |       0 |      19 |   0.0 |   900
           D:2 |       0 |     116 |   0.0 |       0 |      24 |   0.0 |   880
           D:3 |       0 |     187 |   0.0 |       0 |      27 |   0.0 |   895
           D:4 |       0 |     467 |   0.0 |       0 |      12 |   0.0 |   346
         Sewer |       0 |     192 |   0.0 |       0 |      48 |   0.0 |   759
               +---------+---------+-------+---------+---------+-------+---------
